 Dungeon Crawl Stone Soup version 0.19.1 (webtiles) character file.

45 M4edhros the Grave Robber (level 3, -7/21 HPs)
             Began as an Octopode Necromancer on Dec 23, 2016.
             Mangled by tschems's ghost (12 damage)
             ... on level 3 of the Dungeon.
             The game lasted 00:03:14 (787 turns).

M4edhros the Grave Robber (Octopode Necromancer)     Turns: 787, Time: 00:03:16

Health: -7/21      AC:  1    Str:  7    XL:     3   Next: 64%
Magic:  6/6        EV: 13    Int: 17    God:
Gold:   25         SH:  0    Dex: 13    Spells: 3 memorised, 1 level left

rFire  . . .     SeeInvis .       - Unarmed
rCold  . . .     Gourm    .     (no shield)
rNeg   . . .     Faith    .     (helmet restricted)
rPois  .         Spirit   .     (no amulet)
rElec  .         Reflect  .     (no ring)
rCorr  .         Harm     .     (no ring)
MR     .....                    (no ring)
Stlth  +++.......               (no ring)
                                (no ring)
                                (no ring)
                                (no ring)
                                (no ring)

@: flying
A: almost no armour, stealthy swim, amphibious, 8 rings, constrict 8, camouflage
1, gelatinous body 1
a: no special abilities


You were on level 3 of the Dungeon.
You were not hungry.

You visited 1 branch of the dungeon, and saw 3 of its levels.

You collected 25 gold pieces.

Inventory:

Scrolls
 g - a scroll of identify {unknown}
 i - a scroll of enchant weapon {unknown}
 j - 2 scrolls of teleportation {unknown}
Potions
 e - a potion of cure mutation {unknown}
 h - a potion of flight
Books
 a - a book of Necromancy

   Spells                             Type                      Level
   a - Pain                           Necromancy                   1
   b - Animate Skeleton               Necromancy                   1
   c - Vampiric Draining              Necromancy                   3
   d - Regeneration                   Charms/Necromancy            3
   e - Animate Dead                   Necromancy                   4
   f - Control Undead                 Necromancy                   4
Comestibles
 b - 3 bread rations
 d - a fruit
 f - a slice of pizza


   Skills:
 - Level 2.0 Dodging
 - Level 2.6 Stealth
 + Level 3.1 Unarmed Combat
 - Level 2.0 Spellcasting
 - Level 4.0 Necromancy


You had one spell level left.
You knew the following spells:

 Your Spells              Type           Power        Failure   Level  Hunger
a - Pain                  Necr           ###.         3%          1    #......
b - Animate Skeleton      Necr           N/A          3%          1    #......
c - Regeneration          Chrm/Necr      #.........   24%         3    ###....


Dungeon Overview and Level Annotations

Branches:
Dungeon (3/15)

Altars:

Annotations:
D:3 tschems's ghost, amateur HuFi


Innate Abilities, Weirdness & Mutations

You cannot wear most types of armour.
You are very stealthy in the water. (Stealth+)
You are amphibious.
You can wear up to eight rings at the same time.
You can use your tentacles to constrict eight enemies at once.
Your skin changes colour to match your surroundings (Stealth+).
Your rubbery body absorbs attacks. (AC +1, EV +1)


Message History

Found a spear.
Found a glowing ring mail.
There is a stone staircase leading down here.
You climb downwards.
There is a stone staircase leading up here.
Found 16 stones.
You open the door.
There is an open door here.
Found a stone staircase leading down.
Tschems's ghost (amateur Human Fighter) comes into view.
Found a metallic silvery potion.
Tschems's ghost barely misses you.
Tschems's ghost wails, "They lied to you.
The Dungeon just goes down and down forever."
It was a potion of flight.
You feel very buoyant.
You fly up into the air.
Tschems's ghost says, "You cannot hurt me!"
Tschems's ghost hits you!
Ouch! That really hurt!
You die...

..#....### .>.......
.. #.....# .#
#.....#####.#
#...........#
#.########.. #.#
#...##.# ####
#.###...##.###...##.
#.W@'........<......
#####...##.###...###
#.......# ####
#..(..### #.....#
###...# #.... #.....


You could see tschems's ghost.

Vanquished Creatures
  An ooze (D:1)
  A dart slug (D:2)
  A leopard gecko (D:1)
  A ball python (D:1)
  3 bats
  4 giant cockroaches
  6 hobgoblins
  6 jackals
  3 kobolds
  4 frilled lizards
30 creatures vanquished.

Vanquished Creatures (collateral kills)
  2 hobgoblins (D:2)
  A ball python (D:1)
3 creatures vanquished.

Grand Total: 33 creatures vanquished

Notes
Turn   | Place    | Note
-------+----------+-------------------------------------------
     0 | D:1      | M4edhros the Octopode Necromancer began the quest for the Orb.
     0 | D:1      | Reached XP level 1. HP: 11/11 MP: 3/3
    15 | D:1      | Reached skill level 1 in Unarmed Combat
   142 | D:1      | Reached XP level 2. HP: 5/17 MP: 0/5
   214 | D:1      | Learned a level 1 spell: Animate Skeleton
   326 | D:2      | Reached XP level 3. HP: 1/21 MP: 1/6
   331 | D:2      | Learned a level 3 spell: Regeneration
   777 | D:3      | Noticed tschems's ghost (amateur HuFi)
   787 | D:3      | Mangled by tschems's ghost

Skill      XL: |  1  2  3 |
---------------+----------+-----
Unarmed Combat | 1 2 3 |  3.1
Dodging        | |  2.0
Stealth        | |  2.6
Spellcasting   | |  2.0
Necromancy     | |  4.0

Action                   || total
-------------------------++-------
Melee: Unarmed           ||    16
       Constrict         ||     6
       Tentacles         ||     3
 Cast: Pain              ||    43
       Animate Skeleton  ||     3
  Use: Potion            ||     1
 Stab: Sleeping          ||     1
Armor: Skin              ||     4
Dodge: Dodged            ||    21
